 Seeded DCSS version 0.29.1-12-g30fa7ad0bf (webtiles) character file.

Game seed: 8067774122993711936 (custom seed)

608 kingsuperguy the Cudgeller (level 7, -5/91 HPs)
             Began as a Minotaur Berserker on Dec 17, 2022.
             Was a Priest of Trog.
             Slain by an orc
             ... wielding a +0 flail
              (7 damage)
             ... on level 5 of the Dungeon.
             The game lasted 00:03:46 (3949 turns).

kingsuperguy the Cudgeller (Minotaur Berserker)     Turns: 3949, Time: 00:03:46

Health: -5/91      AC:  5    Str: 24    XL:     7   Next: 19%
Magic:  6/6        EV: 12    Int:  1    God:    Trog [***...]
Gold:   222        SH:  0    Dex:  9    Spells: 6/6 levels left

rFire   . . .      SeeInvis .   a - +0 mace
rCold   + + .      Faith    .   (no shield)
rNeg    . . .      Spirit   .   h - +2 leather armour {rC+}
rPois   .          Reflect  .   (helmet restricted)
rElec   .          Harm     .   (no cloak)
rCorr   .          Rampage  .   (no gloves)
Will    .....                   (no boots)
Stlth   ..........              v - amulet of Boguxt {RegenMP rC+ Str+2 Int-5}
HPRegen 0.25/turn               (no ring)
MPRegen 0.50/turn               (no ring)

@: berserking, very quick
A: horns 2, retaliatory headbutt
a: Renounce Religion, Berserk, Trog's Hand


You were on level 5 of the Dungeon.
You worshipped Trog.
Trog was most pleased with you.
You visited 1 branch of the dungeon, and saw 5 of its levels.

You collected 222 gold pieces.

Inventory:

Hand Weapons
 a - a +0 mace (weapon)
 m - a +0 flail of draining
Missiles
 e - 4 javelins (quivered)
Armour
 b - a +0 animal skin
 d - a +0 ring mail
 h - a +2 leather armour of cold resistance (worn)
Jewellery
 g - an amulet of magic regeneration
 k - a ring of resist corrosion
 n - a +6 ring of strength
 v - the amulet of Boguxt (around neck) {RegenMP rC+ Str+2 Int-5}
   (You found it on level 4 of the Dungeon)

   [amulet of magic regeneration]

   It increases your rate of magic regeneration.
   Str:       It affects your strength (+2).
   Int:       It affects your intelligence (-5).
   rC:        It protects you from cold.
Scrolls
 i - 3 scrolls of enchant armour {unknown}
 q - 4 scrolls of noise {unknown}
 s - a scroll of poison {unknown}
 w - a scroll of identify {unknown}
Potions
 c - a potion of invisibility {unknown}
 f - 3 potions of mutation {unknown}
 j - 2 potions of brilliance {unknown}
 l - a potion of degeneration {unknown}
 o - a potion of might
 p - a potion of haste {unknown}
 r - 3 potions of cancellation {unknown}
 t - 2 potions of heal wounds {unknown}
 u - a potion of attraction {unknown}
 x - a potion of curing {unknown}
 z - a potion of berserk rage {unknown}


   Skills:
 + Level 5.6 Fighting
 + Level 7.1 Maces & Flails
 + Level 4.6 Armour
 + Level 3.6 Dodging
 + Level 0.9 Stealth


You had 6 spell levels left.
You didn't know any spells.
Your spell library was empty.

Dungeon Overview and Level Annotations

Branches:
Dungeon (5/15)
 Temple: D:4-7

Altars:
Sif Muna
Wu Jian

Shops:
D:1 [   D:2 (   D:3 !   D:4 :


Innate Abilities, Weirdness & Mutations

You have a pair of horns on your head.
You reflexively headbutt those who attack you in melee.


Message History

Duvessa is moderately wounded.
Duvessa barely misses you. You furiously retaliate!
You headbutt Duvessa. The iguana misses you.
You sock Duvessa!
Duvessa is severely wounded.
Duvessa barely misses you. You furiously retaliate!
You headbutt Duvessa! You closely miss Duvessa.
Duvessa is almost dead.
The iguana bites you.
* * * LOW HITPOINT WARNING * * *
Dowan gestures at you while chanting. You resist with some effort.
Duvessa hits you with a +0 short sword!
* * * LOW HITPOINT WARNING * * *
You hit Duvessa.
You kill Duvessa!
Trog accepts your kill.
Dowan's eyes darken. "You have made a black mistake."
Dowan seems to find hidden reserves of power!
Dowan points at you and mumbles some strange words.
The shard of ice misses you. The iguana bites you.
* * * LOW HITPOINT WARNING * * *
The orc misses you.
Your Maces & Flails skill increases to level 7!
You have reached level 7!
Dowan hits you with a +0 dagger.
* * * LOW HITPOINT WARNING * * *
You hit Dowan but do no damage. You headbutt Dowan!
Dowan is severely wounded.
Dowan says, "How can I live without her?"
Dowan drinks a potion.
Dowan seems to grow stronger.
You sock Dowan! Your headbutt misses Dowan.
Dowan is almost dead.
Dowan barely misses you. The orc closely misses you. The iguana bites you.
* * * LOW HITPOINT WARNING * * *
You sock Dowan!
You kill Dowan!
Trog accepts your kill.
Trog appreciates your killing of a magic user.
The orc hits you with a +0 flail!
You die...

#############
............#......#
............#......#
.......)....#......#
......)o@...#......#
.......l....#......#
###....#....#......#
######....#......####
##...####'###..##
#...............#
#...............#
#.............†.#
#........(......#


You could see an iguana and an orc.

Vanquished Creatures
  Duvessa (D:5)
  A centaur (D:4)
  A necrophage (D:2)
  A scorpion (D:5)
  Dowan (D:5)
  2 hounds (D:4)
  2 orc priests (D:3)
  An orc wizard (D:3)
  4 gnolls (D:2)
  3 adders
  A dart slug (D:1)
  8 orcs
  2 bats
  8 endoplasms
  4 giant cockroaches
  8 goblins
  6 hobgoblins
  4 jackals (D:2)
  A quokka (D:1)
  8 ball pythons
  6 frilled lizards
  6 kobolds
  5 rats
84 creatures vanquished.

Notes
Turn   | Place    | Note
-------+----------+-------------------------------------------
     0 | D:1      | kingsuperguy the Minotaur Berserker began the quest for the
                  | Orb.
     0 | D:1      | Reached XP level 1. HP: 19/19 MP: 0/0
   133 | D:1      | Found Woicy's Armour Shop.
   250 | D:1      | Reached skill level 4 in Maces & Flails
   250 | D:1      | Reached XP level 2. HP: 25/27 MP: 1/1
   844 | D:1      | Found a faded altar of an unknown god.
  1023 | D:2      | Reached XP level 3. HP: 33/33 MP: 2/2
  1118 | D:2      | Reached ** piety under Trog
  1215 | D:2      | Reached XP level 4. HP: 11/41 MP: 3/3
  1523 | D:2      | Found Nuobymm's Weapon Emporium.
  1527 | D:2      | Reached skill level 5 in Maces & Flails
  1716 | D:2      | Noticed a necrophage
  1721 | D:2      | Killed a necrophage
  1722 | D:2      | Reached XP level 5. HP: 47/47 MP: 4/4
  2036 | D:3      | Found Nyuxt's Magic Scroll Emporium.
  2092 | D:3      | Reached skill level 5 in Fighting
  2596 | D:3      | Reached skill level 6 in Maces & Flails
  2719 | D:3      | Found Corcheubo's Distillery.
  3059 | D:4      | Reached XP level 6. HP: 46/56 MP: 5/5
  3123 | D:4      | Identified the amulet of Boguxt {RegenMP rC+ Str+2 Int-5}
  3553 | D:4      | Found a shimmering blue altar of Sif Muna.
  3553 | D:4      | Found an ornate altar of the Wu Jian Council.
  3694 | D:4      | Reached *** piety under Trog
  3739 | D:4      | Found Kofachub's Tremendous Tomes.
  3891 | D:5      | Entered Level 5 of the Dungeon
  3934 | D:5      | Noticed Duvessa
  3934 | D:5      | Noticed Dowan
  3945 | D:5      | Killed Duvessa
  3946 | D:5      | Reached skill level 7 in Maces & Flails
  3946 | D:5      | Reached XP level 7. HP: 7/61 MP: 6/6
  3946 | D:5      | HP: 3/91 [Dowan/+0 dagger (4)]
  3948 | D:5      | HP: 1/91 [iguana (2)]
  3949 | D:5      | Killed Dowan
  3949 | D:5      | Slain by an orc

Illustrated notes

Levels and vault maps discovered:
D:1:      eino_arrival_tree_alley, layout_basic,
          hellmonk_ecumenical_altar_inner_sanctum, serial_shops,
          nicolae_shop_hallway_stairs
D:2:      layout_basic, serial_shops, nicolae_shop_bloodbath_and_beyond
D:3:      layout_rooms, serial_shops, nicolae_shop_crystal, shop_scrolls
D:4:      layout_cave_pools, gammafunk_temple_overflow_statue,
          nicolae_shop_i_like_big_books
D:5:      layout_gridville, nicolae_overflow_hidden_temple,
          minmay_temple_entry_enclosed_plants, corner_web_ring,
          minmay_checkerbox, uniq_duvessa

Skill      XL: |  1  2  3  4  5  6 |
---------------+-------------------+-----
Maces & Flails | 4 5 6 7 |  7.1
Fighting       | 4 5 |  5.6
Armour         | 3 4 |  4.6
Dodging        | 3 |  3.6
Stealth        | |  0.9

Action                   |  1- 3 |  4- 6 |  7- 9 || total
-------------------------+-------+-------+-------++-------
Melee: Mace              |    59 |   117 |     3 ||   179
       Headbutt          |     8 |    21 |     1 ||    30
Invok: Berserk           |     1 |     1 |       ||     2
Armor: Ring mail         |     4 |       |       ||     4
       Leather armour    |    18 |    36 |       ||    54
Dodge: Dodged            |    50 |    84 |     2 ||   136
